 Dungeon Crawl Stone Soup version 0.32-a0-42-ga30500b4d3 (webtiles) character file.

Game seed: 10052791721197106791

2846 jlumianski the Grappler (level 9, 0/102 HPs)
             Began as a Gnoll Shapeshifter on Feb 2, 2024.
             Was an Initiate of Wu Jian.
             Slain by a killer bee (2 damage)
             ... on level 7 of the Dungeon.
             The game lasted 00:25:55 (6516 turns).

jlumianski the Grappler (Gnoll Shapeshifter)        Turns: 6516, Time: 00:25:55

Health: 0/102      AC:  9    Str: 24    XL:     9   Next: 74%
Magic:  16/16      EV:  9    Int:  9    God:    Wu Jian [......]
Gold:   188        SH:  0    Dex: 12    Spells: 17/17 levels left

rFire   + .          .
                       - Unarmed
rCold   . . .        (no shield)
rNeg    . . .        C - +0 plate armour
rPois   .            (helmet currently unavailable)
rElec   .            (cloak currently unavailable)
rCorr   .            (gloves currently unavailable)
SInv    .            (boots currently unavailable)
Will    .....        (no amulet) Stlth
                     j - ring of protection from fire
HPRegen 0.37/turn    A - ring of the Komodo Dragon {Fly Str+6}
MPRegen 0.15/turn

%: no passive effects
@: berserking, lethally poisoned (0 -> -5), beast-form, flying, very quick
A: beast (slay +4), fangs 1, strong nose, distributed training, iridescent
scales 1, deformed body, evolution 1
a: Begin Untransformation, Renounce Religion


You were on level 7 of the Dungeon.
You worshipped Wu Jian.
Wu Jian was noncommittal.
You were a hulking beast.
You visited 2 branches of the dungeon, and saw 9 of its levels.

You collected 926 gold pieces.
You spent 738 gold pieces at shops.

Inventory:

Hand Weapons
 y - a +4 trident of venom
Missiles
 m - 8 boomerangs (quivered)
 x - 4 poisoned darts
Armour
 a - a +0 animal skin
 i - a +0 scale mail
 t - a +1 pair of gloves
 u - a +0 cloak
 z - a +0 chain mail
 C - a +0 plate armour (worn)
 D - a +1 hat
 I - the +0 leather armour of Classification {Regen+ Dex+3 Stlth+}
   (You found it on level 7 of the Dungeon)

   Dex+3:     It affects your dexterity (+3).
   Regen+:    It increases your rate of health regeneration.
   Stlth+:    It makes you more stealthy.
 L - a +0 plate armour
Magical Staves
 r - a staff of conjuration
Jewellery
 j - a ring of protection from fire (left hand)
 A - the ring of the Komodo Dragon (right hand) {Fly Str+6}
   (You bought it in a shop on level 4 of the Dungeon)

   [ring of flight]

   Str+6:     It affects your strength (+6).
   Fly:       It grants you flight.
 B - an amulet of the acrobat
Talismans
 c - a beast talisman
 d - a flux talisman
Wands
 G - a wand of charming (8)
Scrolls
 g - a scroll of noise
 h - a scroll of teleportation
 l - 2 scrolls of silence
 o - 2 scrolls of fear
 w - a scroll of amnesia {unknown}
 E - a scroll of fog {unknown}
 H - a scroll of enchant armour {unknown}
 K - a scroll of blinking {unknown}
Potions
 b - a potion of lignification
 e - a potion of might
 f - a potion of invisibility
 k - a potion of brilliance
 n - 4 potions of cancellation
 p - a potion of attraction
 s - a potion of haste
 v - a potion of heal wounds
 F - a potion of mutation
 J - a potion of enlightenment {unknown}


   Skills:
 + Level 5.4 Fighting
 + Level 4.7 Short Blades
 + Level 4.7 Long Blades
 + Level 4.7 Axes
 + Level 4.7 Maces & Flails
 + Level 4.7 Polearms
 + Level 4.7 Staves
 + Level 4.7 Ranged Weapons
 + Level 4.7 Throwing
 + Level 4.7 Armour
 + Level 6.6 Dodging
 + Level 4.7 Stealth
 + Level 4.7 Shields
 + Level 8.1 Unarmed Combat
 + Level 4.7 Spellcasting
 + Level 3.9 Conjurations
 + Level 3.9 Hexes
 + Level 3.9 Summonings
 + Level 3.9 Necromancy
 + Level 3.9 Translocations
 + Level 3.9 Fire Magic
 + Level 3.9 Ice Magic
 + Level 3.9 Air Magic
 + Level 3.9 Earth Magic
 + Level 3.9 Alchemy
 + Level 5.2 Invocations
 + Level 4.7 Evocations
 + Level 7.9 Shapeshifting


You had 17 spell levels left.
You didn't know any spells.
Your spell library contained the following spells:

 Spells                   Type           Power      Damage    Failure   Level
 Fugue of the Fallen      Necr           9%         N/A       94%         3
 Ozocubu's Armour         Ice            9%         N/A       94%         3
 Tukima's Dance           Hex            9%         N/A       94%         3
 Dimensional Bullseye     Hex/Tloc       4%         N/A       100%        4
 Iskenderun's Mystic Bla  Conj/Tloc      9%         2d4       100%        4
 Manifold Assault         Tloc           9%         N/A       100%        4


Dungeon Overview and Level Annotations

Branches:
Dungeon (8/15)             Temple (1/1) D:6
   Lair: D:8-11

Altars:
Ashenzari
Cheibriados
Dithmenos
Elyvilon
Fedhas
Gozag
Hepliaklqana
Kikubaaqudgha
Nemelex Xobeh
Okawaru
Qazlal
Ru
Sif Muna
Trog
Uskayaw
Vehumet
Wu Jian
Xom
Yredelemnul
Zin
The Shining One

Shops:
D:4 =


Innate Abilities, Weirdness & Mutations

You are a hulking beast.
Your limbs bulge with bestial killing power. (Slay +4)
You have very sharp teeth.
Your uncanny sense of smell can sniff out nearby items.
Your experience applies equally to all skills.
You are partially covered in iridescent scales. (AC +2)
Armour fits poorly on your strangely shaped body.
You have hidden genetic potential.


Message History

You punch the orc!
You kill the orc!
The Council accepts your kill.
You feel sick.
You feel sick.
You are no longer poisoned.
You start resting.
A killer bee is nearby!
The killer bee buzzes angrily. x2
Things that are here:
a +0 mace; an orc corpse The killer bee completely misses you.
The killer bee closely misses you.
The killer bee stings you but does no damage.
The killer bee stings you.
* * * LOW HITPOINT WARNING * * *
The killer bee stings you.
* * * LOW HITPOINT WARNING * * *
The killer bee attacks as it pursues you!
The killer bee barely misses you. The killer bee closely misses you.
A red film seems to cover your vision as you go berserk!
You feel yourself moving faster!
You feel mighty! The killer bee barely misses you. The killer bee stings you.
* * * LOW HITPOINT WARNING * * *
You closely miss the killer bee. Your bite misses the killer bee.
The killer bee stings you but does no damage.
You pummel the killer bee!!
You kill the killer bee!
The Council accepts your kill.
You closely miss the killer bee. Your bite misses the killer bee.
The killer bee closely misses you.
The killer bee stings you but does no damage.
You barely miss the killer bee. The killer bee stings you!
* * * LOW HITPOINT WARNING * * *
You are lethally poisoned!
The killer bee poisons you!
You miss the killer bee.
* * * LOW HITPOINT WARNING * * *
You feel sick. The killer bee stings you.
You die...

.....###).....#
......##.....##
∆............##
######...#...#
##..##..# ##.#
#..# #..# #.#
###..# ...
#hy..# ..
#.##### ##


You could see a killer bee.

Vanquished Creatures
  Sigmund (D:5)
  Edmund (D:5)
  2 ice beasts
  An orc warrior (D:8)
  3 sky beasts
  2 black bears
  The ghost of grandjackal the Slasher, an amateur DsGl (D:3)
  2 ogres
  2 phantoms
  4 necrophages (D:4)
  Blork the orc (D:5)
  A bullfrog (D:8)
  2 scorpions
  A water moccasin zombie (D:4)
  2 killer bees (D:7)
  3 bombardier beetles
  A jelly (D:4)
  2 hounds
  An orc priest (D:5)
  Jessica (D:2)
  4 orc wizards
  A sleepcap (D:6)
  6 iguanas
  2 hound zombies (D:4)
  3 gnolls
  9 adders
  4 dart slugs
  2 ribbon worms
  14 orcs
  6 bats
  6 endoplasms
  5 giant cockroaches
  7 goblins
  4 hobgoblins
  4 jackals (D:3)
  5 quokkas
  4 ball pythons
  3 frilled lizards
  14 kobolds
  9 rats
146 creatures vanquished.

Notes
Turn   | Place    | Note
-------+----------+-------------------------------------------
     0 | D:1      | jlumianski the Gnoll Shapeshifter began the quest for the
                  | Orb.
     0 | D:1      | Reached XP level 1. HP: 17/17 MP: 1/1
   113 | D:1      | Reached XP level 2. HP: 17/23 MP: 2/2
   392 | D:2      | Reached XP level 3. HP: 17/28 MP: 3/3
   466 | D:2      | Noticed Jessica
   487 | D:2      | Killed Jessica
   488 | D:2      | Reached skill level 1 in Short Blades
   488 | D:2      | Reached skill level 1 in Long Blades
   488 | D:2      | Reached skill level 1 in Axes
   488 | D:2      | Reached skill level 1 in Maces & Flails
   488 | D:2      | Reached skill level 1 in Polearms
   488 | D:2      | Reached skill level 1 in Staves
   488 | D:2      | Reached skill level 1 in Ranged Weapons
   488 | D:2      | Reached skill level 1 in Throwing
   488 | D:2      | Reached skill level 1 in Armour
   488 | D:2      | Reached skill level 1 in Stealth
   488 | D:2      | Reached skill level 1 in Shields
   488 | D:2      | Reached skill level 1 in Spellcasting
   488 | D:2      | Reached skill level 1 in Invocations
   488 | D:2      | Reached skill level 1 in Evocations
   590 | D:3      | Reached XP level 4. HP: 30/34 MP: 5/5
   590 | D:3      | Found a shadowy altar of Dithmenos.
   596 | D:3      | Found a runed translucent door.
  1104 | D:2      | Reached skill level 1 in Conjurations
  1104 | D:2      | Reached skill level 1 in Hexes
  1104 | D:2      | Reached skill level 1 in Summonings
  1104 | D:2      | Reached skill level 1 in Necromancy
  1104 | D:2      | Reached skill level 1 in Translocations
  1104 | D:2      | Reached skill level 1 in Fire Magic
  1104 | D:2      | Reached skill level 1 in Ice Magic
  1104 | D:2      | Reached skill level 1 in Air Magic
  1104 | D:2      | Reached skill level 1 in Earth Magic
  1104 | D:2      | Reached skill level 1 in Alchemy
  1640 | D:3      | Noticed grandjackal's ghost (amateur DsGl)
  1684 | D:4      | Found a shimmering altar of Xom.
  1731 | D:3      | Reached XP level 5. HP: 38/40 MP: 5/7
  2106 | D:4      | Found an opulent altar of Gozag.
  2179 | D:4      | Reached XP level 6. HP: 42/47 MP: 8/8
  2219 | D:4      | Identified a scroll of acquirement
  2220 | D:4      | Acquired 655 gold pieces
  2248 | D:4      | Reached skill level 5 in Dodging
  2250 | D:5      | Entered Level 5 of the Dungeon
  2286 | D:5      | Noticed Blork the orc
  2335 | D:4      | Found a blossoming altar of Fedhas.
  2504 | D:4      | Reached skill level 7 in Unarmed Combat
  2504 | D:4      | Reached XP level 7. HP: 52/52 MP: 10/10
  3142 | D:3      | Killed grandjackal's ghost
  3718 | D:4      | Found Fytwytar's Jewellery Shoppe.
  3726 | D:4      | Bought the ring of the Komodo Dragon {Fly Str+6} for 408
                  | gold pieces
  3727 | D:4      | Bought an amulet of the acrobat for 330 gold pieces
  3838 | D:4      | Reached XP level 8. HP: 49/60 MP: 12/12
  4092 | D:5      | Noticed Sigmund
  4107 | D:5      | Killed Sigmund
  4424 | D:6      | Noticed a +0 hand axe
  4424 | D:6      | Noticed a +0 hand axe
  4424 | D:6      | Found a hide-covered altar of Uskayaw.
  4480 | D:5      | Killed Blork the orc
  4489 | D:5      | Noticed Edmund
  4506 | D:5      | Killed Edmund
  4507 | D:5      | Reached XP level 9. HP: 28/67 MP: 13/15
  5134 | D:6      | Gained mutation: Armour fits poorly on your strangely
                  | shaped body. [potion of mutation]
  5134 | D:6      | Gained mutation: You are partially covered in iridescent
                  | scales. (AC +2) [potion of mutation]
  5134 | D:6      | Gained mutation: You have hidden genetic potential. [potion
                  | of mutation]
  5156 | D:6      | Reached skill level 5 in Fighting
  5625 | D:6      | Found a staircase to the Ecumenical Temple.
  5637 | Temple   | Entered the Ecumenical Temple
  5651 | Temple   | Became a worshipper of the Wu Jian Council
  5720 | D:7      | Reached skill level 8 in Unarmed Combat
  5722 | D:7      | Identified the +0 leather armour of Classification {Regen+
                  | Dex+3 Stlth+}
  6075 | D:8      | Found a sparkling altar of Nemelex Xobeh.
  6111 | D:7      | Reached skill level 5 in Invocations
  6515 | D:7      | HP: 4/102 [killer bee (7)]
  6516 | D:7      | Slain by a killer bee

Illustrated notes

Levels and vault maps discovered:
D:1:      dpeg_arrival_lava_temple_mockup, layout_basic
D:2:      layout_rooms, minmay_increasing_density, uniq_jessica
D:3:      layout_basic, nicolae_dithmenos_through_a_glass_darkly,
          hellmonk_ghost_happy_afterlife, nicolae_eternal_life,
          minmay_misc_feat_alley
D:4:      layout_loops_ring, mainiacjoe_overflow_six_doors_small,
          fedhas_altar_decomposition, kennysheep_mini, serial_shops,
          nicolae_shop_pleasant_corner_grove
D:5:      layout_rooms, uniq_sigmund, uniq_edmund, uniq_blork_the_orc
D:6:      corexii_shack_village, layout_cave_pools, dancing_weapons_uskayaw,
          minmay_temple_entry_slanted, minmay_holes, kennysheep_generic_room_12
D:7:      layout_layer_cave, serial_shops, shop
D:8:      layout_gridville, mainiacjoe_overflow_boulevard,
          makhleb_altar_promises_db, grunt_lair_entry_orc_guard_hut,
          corexii_checkpoint, minmay_starry_boxes
Temple:   hellmonk_temple_two_chambers

Skill      XL: |  1  2  3  4  5  6  7  8  9 |
---------------+----------------------------+-----
Short Blades   | 1 2 3 4 |  4.7
Long Blades    | 1 2 3 4 |  4.7
Axes           | 1 2 3 4 |  4.7
Maces & Flails | 1 2 3 4 |  4.7
Polearms       | 1 2 3 4 |  4.7
Staves         | 1 2 3 4 |  4.7
Ranged Weapons | 1 2 3 4 |  4.7
Throwing       | 1 2 3 4 |  4.7
Armour         | 1 2 3 4 |  4.7
Stealth        | 1 2 3 4 |  4.7
Shields        | 1 2 3 4 |  4.7
Spellcasting   | 1 2 3 4 |  4.7
Invocations    | 1 2 3 4 5 |  5.2
Evocations     | 1 2 3 4 |  4.7
Conjurations   | 1 2 3 |  3.9
Hexes          | 1 2 3 |  3.9
Summonings     | 1 2 3 |  3.9
Necromancy     | 1 2 3 |  3.9
Translocations | 1 2 3 |  3.9
Fire Magic     | 1 2 3 |  3.9
Ice Magic      | 1 2 3 |  3.9
Air Magic      | 1 2 3 |  3.9
Earth Magic    | 1 2 3 |  3.9
Alchemy        | 1 2 3 |  3.9
Fighting       | 3 4 5 |  5.4
Dodging        | 5 6 |  6.6
Unarmed Combat | 7 8 |  8.1
Shapeshifting  | 7 |  7.9

Action                     |  1- 3 |  4- 6 |  7- 9 || total
---------------------------+-------+-------+-------++-------
  Melee: Unarmed           |    46 |   124 |   316 ||   486
         Bite              |     7 |    12 |    43 ||    62
         Punch             |       |     3 |    17 ||    20
  Throw: Boomerang         |       |       |    12 ||    12
Ability: Lunge             |       |       |     4 ||     4
    Use: Scroll            |     1 |     7 |     2 ||    10
         Potion            |       |     3 |     5 ||     8
 Armour: Animal skin       |    25 |     8 |       ||    33
         Scale mail        |       |    65 |    28 ||    93
         Chain mail        |       |       |   181 ||   181
         Skin              |       |       |    19 ||    19
         Plate armour      |       |       |    27 ||    27
  Dodge: Dodged            |    38 |    55 |   132 ||   225

Table legend: (Time is in decaauts)
 A = Elapsed time spent in this place.
 B = Non-inter-level travel time spent in this place.
 C = Inter-level travel time spent in this place.
 D = Time resting spent in this place.
 E = Time spent auto-exploring this place.
 F = Levels seen in this place.
 G = Mean time per level.
                   A        B        C        D        E       F      G
               +--------+--------+--------+--------+--------+-----+--------+
         Total |   6442 |   6368 |     74 |    585 |   3415 |   9 |  715.8 |
       Dungeon |   6412 |   6338 |     74 |    585 |   3415 |   8 |  801.5 |
        Temple |     30 |     30 |      0 |      0 |      0 |   1 |   30.0 |
               +--------+--------+--------+--------+--------+-----+--------+

Top non-repeatable levels by time:
     D:4: 1484 daAuts
     D:3: 1127 daAuts
     D:6: 923 daAuts
     D:2: 802 daAuts
     D:5: 765 daAuts
     D:1: 668 daAuts
     D:8: 444 daAuts
     D:7: 196 daAuts
  Temple: 30 daAuts
